 Dungeon Crawl Stone Soup version 0.23.1 (webtiles) character file.

Game seed: 5733501464433427384

93 SilentRunner the Cudgeler (level 4, -6/40 HPs)
             Began as a Minotaur Berserker on Mar 14, 2019.
             Was a Believer of Trog.
             Mangled by an orc warrior
             ... wielding a +0 glaive
              (10 damage)
             ... on level 3 of the Dungeon.
             The game lasted 00:09:05 (2537 turns).

SilentRunner the Cudgeler (Minotaur Berserker)      Turns: 2537, Time: 00:09:06

Health: -6/40      AC:  8    Str: 22      XL:     4   Next: 36%
Magic:  3/3        EV: 16    Int:  4      God:    Trog [**....]
Gold:   187        SH:  0    Dex: 14 (15) Spells: 3/3 levels left

rFire    . . .     SeeInvis .   a - +0 mace
rCold    . . .     Gourm    .   (no shield)
rNeg     . . .     Faith    .   q - +0 scale mail
rPois    .         Spirit   .   (helmet restricted)
rElec    .         Reflect  .   (no cloak)
rCorr    .         Harm     .   h - +1 pair of gloves
MR       .....                  (no boots)
Stlth    +.........             (no amulet)
HPRegen  0.13/turn              (no ring)
MPRegen  0.08/turn              (no ring)

@: agile
A: retaliatory headbutt, hooves 1, horns 2, deterioration 1
a: Berserk, Trog's Hand, Renounce Religion


You were on level 3 of the Dungeon.
You worshipped Trog.
Trog was pleased with you.
You were not hungry.

You visited 1 branch of the dungeon, and saw 4 of its levels.

You collected 187 gold pieces.

Inventory:

Hand Weapons
 a - a +0 mace (weapon)
Armour
 b - a +0 animal skin
 h - a +1 pair of gloves (worn)
 q - a +0 scale mail (worn)
Scrolls
 i - a scroll of remove curse
 l - a scroll of fog {unknown}
 m - a scroll of enchant weapon {unknown}
 o - a scroll of teleportation {unknown}
Potions
 d - 2 potions of magic
 e - a potion of invisibility {unknown}
 f - a potion of flight {unknown}
 g - 2 potions of mutation
 j - a potion of lignification {unknown}
 k - a potion of agility
 n - a potion of might {unknown}
Comestibles
 c - 7 rations
 p - a chunk of flesh


   Skills:
 - Level 3.9 Fighting
 + Level 6.0 Maces & Flails
 - Level 2.5 Armour
 - Level 2.3 Dodging


You had 3 spell levels left.
You didn't know any spells.
Your spell library was empty.

Dungeon Overview and Level Annotations

Branches:
Dungeon (4/15)
 Temple: D:4-7

Altars:


Innate Abilities, Weirdness & Mutations

You reflexively headbutt those who attack you in melee.
You have a pair of horns on your head.
You have large cloven feet.
Your body sometimes deteriorates upon taking damage.


Message History

You headbutt the orc warrior, but do no damage.
The orc warrior is almost dead.
The orc warrior hits you but does no damage.
You hit the orc warrior.
You kick the orc warrior, but do no damage.
The orc warrior is almost dead.
You hit the orc warrior. Your kick misses the orc warrior.
The orc warrior is almost dead.
The orc warrior closely misses you.
You hit the orc warrior but do no damage.
Your headbutt misses the orc warrior.
The orc warrior is almost dead.
The orc warrior hits you with a +0 glaive!
* * * LOW HITPOINT WARNING * * *
Your body deteriorates!
You feel clumsy.
Your scale mail prevents you from hitting the orc warrior.
You kick the orc warrior, but do no damage.
The orc warrior is almost dead.
The orc warrior hits you with a +0 glaive!
You die...

#....# ### #....# ########
#.. #....# #......# #..
#....# #......#######..
#....# #...............
#....# ###....<.....####.
#....# #...............#.
####....###........###.##(#.
#.......'.'@................
#.##....###)o...)..#.#....#.
#.##....# #........#.####.#.
#.####### #........#.# #.#.
#.# #........#.####.#. #.#
#........#...(.... #.#
###########........ #รท#
#......# #........ #.#
#......# #...(....


You could see an orc warrior.

Vanquished Creatures
  An adder (D:3)
  An ooze (D:1)
  3 worms (D:2)
  2 dart slugs (D:1)
  3 leopard geckos
  5 orcs (D:3)
  A ball python (D:1)
  5 giant cockroaches
  5 goblins
  7 hobgoblins
  6 jackals
  2 quokkas
  2 bats
  4 frilled lizards
  5 kobolds
  3 rats
55 creatures vanquished.

Notes
Turn   | Place    | Note
-------+----------+-------------------------------------------
     0 | D:1      | SilentRunner the Minotaur Berserker began the quest for the
                  | Orb.
     0 | D:1      | Reached XP level 1. HP: 19/19 MP: 0/0
   100 | D:1      | Reached skill level 4 in Maces & Flails
   100 | D:1      | Reached XP level 2. HP: 27/27 MP: 1/1
   652 | D:1      | Reached XP level 3. HP: 33/33 MP: 2/2
   957 | D:2      | Reached ** piety under Trog
   991 | D:2      | Reached skill level 5 in Maces & Flails
  2094 | D:3      | Reached XP level 4. HP: 40/40 MP: 3/3
  2371 | D:3      | Reached skill level 6 in Maces & Flails
  2523 | D:3      | Gained mutation: Your body sometimes deteriorates upon
                  | taking damage. [potion of mutation]
  2523 | D:3      | Gained mutation: You have large cloven feet. [potion of
                  | mutation]
  2525 | D:4      | Noticed a slave
  2525 | D:4      | Noticed an orc warrior
  2526 | D:4      | Noticed a slave
  2526 | D:4      | Noticed a slave
  2537 | D:3      | Mangled by an orc warrior

Skill      XL: |  1  2  3  4 |
---------------+-------------+-----
Maces & Flails | 4 5 6 |  6.0
Fighting       | |  3.9
Armour         | |  2.5
Dodging        | |  2.3

Action                   |  1- 3 |  4- 6 || total
-------------------------+-------+-------++-------
Melee: Mace              |    97 |    34 ||   131
       Headbutt          |    16 |     4 ||    20
       Kick              |       |     5 ||     5
Invok: Berserk           |     1 |       ||     1
  Use: Scroll            |     2 |     3 ||     5
       Potion            |       |     2 ||     2
 Stab: Sleeping          |     1 |       ||     1
  Eat: Chunk             |     4 |     2 ||     6
Armor: Animal skin       |    10 |     3 ||    13
       Scale mail        |       |     6 ||     6
Dodge: Dodged            |    47 |    17 ||    64
